 Dungeon Crawl Stone Soup version 0.18-a0-943-g2c08dd4 (webtiles) character file.

171 ryw the Conjurer (level 5, -3/40 HPs)
             Began as a Draconian Conjurer on Dec 29, 2015.
             Slain by a centaur
             ... wielding a +0 short sword
              (10 damage)
             ... on level 3 of the Dungeon.
             The game lasted 00:13:36 (4632 turns).

ryw the Conjurer (Draconian Conjurer)               Turns: 4632, Time: 00:13:37

Health: -3/40      AC:  5    Str: 10    XL:     5   Next: 26%
Magic:  1/9        EV: 17    Int: 19    God:
Gold:   129        SH:  0    Dex: 12    Spells: 4 memorised, 0 levels left

rFire  . . .     SeeInvis .     l - +1 dagger (freeze)
rCold  . . .     Gourm    .     (armour unavailable)
rNeg   . . .     Faith    .     (no shield)
rPois  .         Spirit   .     (helmet restricted)
rElec  .         Dismiss  .     (no cloak)
rCorr  .         Reflect  .     (no gloves)
SustAt .         Harm     .     (no boots)
MR     .....                    (no amulet)
Stlth  ++........               s - +4 ring of evasion
                                e - +3 ring of intelligence (curse)

@: not resistant to hostile enchantments, unstealthy
A: unfitting armour, cold-blooded, AC +5
a: no special abilities


You were on level 3 of the Dungeon.
You were not hungry.

You visited 1 branch of the dungeon, and saw 6 of its levels.

You collected 129 gold pieces.

Inventory:

Hand Weapons
 l - a +1 dagger of freezing (weapon)
 m - a +0 hunting sling
Missiles
 d - 56 stones
 k - 8 tomahawks (quivered)
 p - 18 bolts of flame
Jewellery
 e - a cursed +3 ring of intelligence (left hand)
 s - a +4 ring of evasion (right hand)
 t - an uncursed ring of protection from magic
Scrolls
 f - a scroll of identify
 g - a scroll of recharging {unknown}
 q - a scroll of immolation {unknown}
 r - a scroll of teleportation {unknown}
Potions
 c - a potion of agility {unknown}
Books
 a - a book of Conjurations

   Spells                             Type                      Level
   a - Magic Dart                     Conjuration                  1
   b - Searing Ray                    Conjuration                  2
   c - Dazzling Spray                 Conjuration/Hexes            3
   d - Fulminant Prism                Conjuration/Hexes            4
   e - Iskenderun's Mystic Blast      Conjuration                  4
   f - Iskenderun's Battlesphere      Conjuration/Charms           5
Comestibles
 b - 4 bread rations
 h - 3 meat rations
 j - a beef jerky


   Skills:
 + Level 1.0 Fighting
 + Level 2.8 Dodging
 - Level 1.7 Stealth
 + Level 3.1 Spellcasting
 + Level 5.3 Conjurations


You couldn't memorise any spells.
You knew the following spells:

 Your Spells              Type           Power        Failure   Level  Hunger
a - Magic Dart            Conj           ###.         1%          1    None
b - Searing Ray           Conj           ###...       2%          2    ##.....
c - Dazzling Spray        Conj/Hex       ##......     17%         3    ###....
d - Iskenderun's Mystic   Conj           ###.....     17%         4    ####...


Dungeon Overview and Level Annotations

Branches:
Dungeon (6/15)
 Temple: D:4-7

Altars:
Cheibriados
Okawaru
Qazlal
Trog
Yredelemnul
The Shining One

Annotations:
D:3 Grinder


Innate Abilities, Weirdness & Mutations

Your plain brown scales are hard (AC +5).
Your body does not fit into most forms of armour.
You are cold-blooded and may be slowed by cold attacks.


Message History

The centaur completely misses you. The centaur closely misses you.
Casting: Dazzling Spray
Confirm with . or Enter, or press ? or * to list all spells.
Aiming: Magic Dart
Press: ? - help, Shift-Dir - straight line, f - centaur
Aim: a centaur, wielding a short sword (lightly wounded)
The magic dart hits the centaur.
The centaur is lightly wounded.
The centaur hits you with an uncursed short sword.
Casting: Magic Dart
Confirm with . or Enter, or press ? or * to list all spells.
Aiming: Magic Dart
Press: ? - help, Shift-Dir - straight line, f/p - centaur
Aim: a centaur, wielding a short sword (lightly wounded)
The magic dart hits the centaur.
The centaur is moderately wounded.
The centaur hits you with an uncursed short sword!
* * * LOW HITPOINT WARNING * * *
The centaur hits you with an uncursed short sword!
You die...

###.......###.##
#............# .#
#............##.#
#.............#.#
#.............#.#
#.............#.#
#.......#####.#.#
###.......# #.#.#
..........# #.@.#
...######## ##c†#
...# #.(# ...#
##># ...# #.#
...# #.# ...# #.#
...####
#.#############
......#
#.............#


You could see a centaur.

Vanquished Creatures
  An iguana (D:6)
  A worker ant (D:4)
  5 adders
  An ooze (D:2)
  3 worms
  3 giant geckos
  5 orcs
  A ball python (D:3)
  5 bats
  4 giant cockroaches
  5 goblins
  8 hobgoblins
  8 kobolds
  A quokka (D:3)
  3 giant newts
  2 rats
56 creatures vanquished.

Notes
Turn   | Place    | Note
--------------------------------------------------------------
     0 | D:1      | ryw the Draconian Conjurer began the quest for the Orb.
     0 | D:1      | Reached XP level 1. HP: 14/14 MP: 3/3
   407 | D:1      | Reached XP level 2. HP: 20/20 MP: 3/5
   420 | D:1      | Learned a level 2 spell: Searing Ray
  1105 | D:2      | Found a basalt altar of Yredelemnul.
  1107 | D:2      | Noticed a profane servitor
  1265 | D:2      | Found a glowing golden altar of the Shining One.
  1303 | D:2      | Reached XP level 3. HP: 16/26 MP: 0/6
  1908 | D:2      | Found a stormy altar of Qazlal.
  2194 | D:2      | Noticed an angel
  2291 | D:3      | Reached XP level 4. HP: 33/33 MP: 5/8
  2623 | D:3      | Found a bloodstained altar of Trog.
  2650 | D:3      | Noticed Grinder
  3279 | D:3      | Reached skill level 5 in Conjurations
  3397 | D:3      | Found a snail-covered altar of Cheibriados.
  3457 | D:4      | Found an iron altar of Okawaru.
  3650 | D:4      | Learned a level 3 spell: Dazzling Spray
  3890 | D:3      | Noticed a centaur
  3912 | D:5      | Entered Level 5 of the Dungeon
  4218 | D:6      | Reached XP level 5. HP: 36/39 MP: 6/9
  4229 | D:6      | Learned a level 4 spell: Iskenderun's Mystic Blast
  4252 | D:6      | Noticed an orc warrior
  4276 | D:5      | Noticed a phantom
  4300 | D:6      | Reached skill level 1 in Fighting
  4560 | D:5      | Noticed an ice beast
  4560 | D:5      | Noticed a centaur
  4632 | D:3      | Slain by a centaur

Vault maps used:
D:1:      dpeg_arrival_arbitrary_c
D:2:      grunt_temple_overflow_holy_war, grunt_qazlal_clouds
D:3:      overflow_temple_1_default, nicolae_overflow_hidden_temple,
          first_bread, uniq_grinder
D:4:      nicolae_overflow_crystal_walls
D:5:      elyvilon_altar_3, old_standard_altar, minmay_temple_entry_poolview,
          minmay_misc_feat_x, uniq_duvessa
D:6:      gammafunk_temple_overflow_forgotten, basic_altar, minivault_5,
          hangedman_decor_clover_reticule

Action                   |  1- 3 |  4- 6 || total
-------------------------+-------+-------++-------
Melee: Unarmed           |     1 |       ||     1
       Dagger            |    22 |    36 ||    58
 Cast: Magic Dart        |    75 |    60 ||   135
       Dazzling Spray    |       |     6 ||     6
       Searing Ray       |       |     2 ||     2
  Use: Scroll            |       |     3 ||     3
       Potion            |       |     2 ||     2
 Stab: Sleeping          |     1 |     1 ||     2
  Eat: Chunk             |     4 |     8 ||    12
